 Dungeon Crawl Stone Soup version 0.18-a0-1220-g2dc6208 (webtiles) character file.

84 Psiweapon the Sneak (level 4, -1/30 HPs)
             Began as a Vampire Enchanter on Feb 3, 2016.
             Slain by an orc (2 damage)
             ... on level 3 of the Dungeon.
             The game lasted 00:10:14 (1918 turns).

Psiweapon the Sneak (Vampire Enchanter)             Turns: 1918, Time: 00:10:14

Health: -1/30      AC:  4    Str:  7    XL:     4   Next: 23%
Magic:  5/16       EV:  7    Int: 17    God:
Gold:   135        SH:  4    Dex: 15    Spells: 3 memorised, 1 level left

rFire  . . .     SeeInvis +     a - +1 dagger
rCold  . . .     Gourm    .     b - +1 robe
rNeg   . . .     Faith    .     w - +0 buckler
rPois  .         Spirit   .     (no helmet)
rElec  .         Dismiss  .     i - +0 cloak
rCorr  .         Reflect  .     (no gloves)
SustAt .         Harm     .     (no boots)
MR     .....                    (no amulet)
Stlth  ++........               (no ring)
                                r - ring of magical power

@: very slightly contaminated, regenerating quickly, slowed, glowing, very slow,
not resistant to hostile enchantments, unstealthy
A: fangs 3, see invisible, unbreathing
a: no special abilities


You were on level 3 of the Dungeon.
You were very full.

You visited 1 branch of the dungeon, and saw 3 of its levels.

You collected 135 gold pieces.

Inventory:

Hand Weapons
 a - a +1 dagger (weapon)
 e - a +0 dagger
 f - a +0 spear
 C - a +0 hand crossbow
Missiles
 g - 15 sling bullets
 o - 5 tomahawks (quivered)
 s - 17 bolts
Armour
 b - a +1 robe (worn)
 i - a +0 cloak (worn)
 w - a +0 buckler (worn)
Jewellery
 r - a ring of magical power (left hand)
Wands
 t - a wand of flame (27/48)
Scrolls
 h - 3 scrolls of identify {unknown}
 j - a scroll of recharging {unknown}
 l - a scroll of random uselessness {unknown}
 m - a scroll of fear {unknown}
 p - a scroll of remove curse {unknown}
 D - a scroll of immolation {unknown}
Potions
 d - 4 potions of blood
 k - 4 potions of haste {unknown}
 n - 2 potions of curing {unknown}
 q - a potion of heal wounds {unknown}
 u - 2 potions of flight {unknown}
 A - 2 potions of might {unknown}
 B - a potion of mutation {unknown}
Books
 c - a book of Maledictions

   Spells                             Type                      Level
   a - Corona                         Hexes                        1
   b - Ensorcelled Hibernation        Hexes/Ice                    2
   c - Confuse                        Hexes                        3
   d - Tukima's Dance                 Hexes                        3
   e - Dazzling Spray                 Conjuration/Hexes            3
 v - a book of Death

   Spells                             Type                      Level
   a - Corpse Rot                     Necromancy                   2
   b - Sublimation of Blood           Necromancy                   2
   c - Agony                          Necromancy                   5
   d - Dispel Undead                  Necromancy                   5
   e - Excruciating Wounds            Charms/Necromancy            5
   f - Bolt of Draining               Conjuration/Necromancy       5
 x - Vehumet's Almanac of Attacks
   (You found it on level 2 of the Dungeon)

   Spells                             Type                      Level
   a - Magic Dart                     Conjuration                  1
 y - Kikubaaqudgha's Handbook of Stolen Souls
   (You found it on level 2 of the Dungeon)

   Spells                             Type                      Level
   a - Pain                           Necromancy                   1
 z - Sif Muna's Grimoire of Dislocation
   (You found it on level 2 of the Dungeon)

   Spells                             Type                      Level
   a - Apportation                    Translocation                1


   Skills:
 - Level 4.1 Short Blades
 - Level 2.1 Dodging
 + Level 4.9 Stealth
 + Level 0.5 Shields
 - Level 2.0 Spellcasting
 - Level 4.4 Hexes


You had one spell level left.
You knew the following spells:

 Your Spells              Type           Power        Failure   Level  Hunger
a - Corona                Hex            ###....      8%          1    #......
b - Ensorcelled Hibernat  Hex/Ice        #.....       21%         2    ###....
c - Dazzling Spray        Conj/Hex       #.......     38%         3    ###....


Dungeon Overview and Level Annotations

Branches:
Dungeon (3/15)

Altars:
Kikubaaqudgha
Sif Muna
Vehumet

Annotations:
D:3 Reinor's ghost, amateur SpAM; Terence


Innate Abilities, Weirdness & Mutations

Your natural rate of healing is unusually fast.
You have razor-sharp teeth.
You have supernaturally acute eyesight.
You can survive without breathing.


Message History

Reinor's ghost is heavily damaged.
Reinor's ghost hits you.
Terence the Incautious comes into view.
He is wielding a flail.
Terence shouts!
You hit Reinor's ghost but do no damage.
Your bite misses Reinor's ghost.
Reinor's ghost is heavily damaged.
Reinor's ghost points at you and mumbles some strange words.
You feel yourself slow down. Reinor's ghost casts a spell at you.
You resist with some effort. Reinor's ghost casts a spell at you.
You are outlined in light.
Reinor's ghost hits you. Reinor's ghost hits you. The orc hits you.
The orc hits you but does no damage. Reinor's ghost hits you!
* * * LOW HITPOINT WARNING * * *
There is a stone staircase leading up here.
The orc barely misses you. The orc hits you.
You die...

######## #### #......#
....# #......#
.....###......###
....... ....... ##
.......####..###..####
.(...........#@.......
.......##...@o.#......
.............g........
.......###............
....... #............
....... #...........[
....... .............
....... .............
.#........##.#.#...#.


You could see Terence, an orc and a goblin.

Vanquished Creatures
  5 adders
  An orc (D:3)
  3 giant cockroaches
  10 goblins
  2 hobgoblins (D:1)
  A quokka (D:2)
  3 bats
  5 giant newts
  4 kobolds
  6 rats
40 creatures vanquished.

Notes
Turn   | Place    | Note
--------------------------------------------------------------
     0 | D:1      | Psiweapon the Vampire Enchanter began the quest for the Orb.
     0 | D:1      | Reached XP level 1. HP: 13/13 MP: 3/3
   511 | D:1      | Reached XP level 2. HP: 14/19 MP: 1/5
   526 | D:1      | Learned a level 2 spell: Ensorcelled Hibernation
   959 | D:3      | Reached XP level 3. HP: 15/24 MP: 1/6
  1407 | D:2      | Found an ancient bone altar of Kikubaaqudgha.
  1409 | D:2      | Found a radiant altar of Vehumet.
  1409 | D:2      | Found a deep blue altar of Sif Muna.
  1413 | D:2      | Identified Vehumet's Almanac of Attacks
  1420 | D:2      | Identified Kikubaaqudgha's Handbook of Stolen Souls
  1427 | D:2      | Identified Sif Muna's Grimoire of Dislocation
  1472 | D:2      | Reached XP level 4. HP: 10/30 MP: 7/7
  1888 | D:2      | Learned a level 3 spell: Dazzling Spray
  1902 | D:3      | Noticed Reinor's ghost (amateur SpAM)
  1911 | D:3      | Noticed Terence
  1916 | D:3      | HP: 1/30 [Reinor's ghost (9)]
  1918 | D:3      | Slain by an orc

Vault maps used:
D:1:      lightli_arrival_isolated_outpost, grunt_decor_mini_mirrors
D:2:      grunt_temple_overflow_magic_moments, first_bread, serial_glass,
          glass_columns_a, glass_columns_b
D:3:      gammafunk_temple_overflow_forgotten, st_stairs_12, uniq_terence

Action                   |  1- 3 |  4- 6 || total
-------------------------+-------+-------++-------
Melee: Dagger            |    97 |    10 ||   107
 Cast: Corona            |     3 |       ||     3
       Ensorcelled Hiber |     8 |       ||     8
       Dazzling Spray    |       |     3 ||     3
  Use: Potion            |       |     1 ||     1
 Stab: Sleeping          |    17 |     4 ||    21
       Distracted        |     1 |       ||     1
       Invisible         |       |     1 ||     1
  Eat: Corpse            |    12 |     3 ||    15
